 Dungeon Crawl Stone Soup version 0.31-a0-1144-g99969ba1bc (webtiles) character file.

Game seed: 2786572013990906537

56 Dirtsage the Digger (level 3, 0/30 HPs)
             Began as a Gargoyle Earth Elementalist on Dec 6, 2023.
             Slain by a phantom (3 damage)
             ... on level 1 of the Dungeon.
             The game lasted 00:04:05 (1095 turns).

Dirtsage the Digger (Gargoyle Earth Elementalist)   Turns: 1095, Time: 00:04:05

Health: 0/30       AC: 21    Str: 11    XL:     3   Next: 95%
Magic:  1/6        EV:  2    Int: 17    God:
Gold:   19         SH:  0    Dex: 10    Spells: 5/6 levels left

rFire   . . .        d - +0 club
rCold   . . .        (no shield)
rNeg    + . .        a - melded +0 robe
rPois   ∞            (helmet currently unavailable)
rElec   .            (cloak currently unavailable)
rCorr   .            (gloves currently unavailable)
SInv    .            e - melded +0 pair of boots
Will    .....        (no amulet)
Stlth   ++           (no ring)
HPRegen 0.25/turn    (no ring)
MPRegen 0.10/turn

%: no passive effects
@: tree-form
A: stationary, stasis, torment immunity, boosted hp, sickness immunity, AC +3,
negative energy resistance 1, (electricity resistance), torment resistance 1,
petrification resistance
a: no special abilities


You were on level 1 of the Dungeon.
You were a tree.
You visited 1 branch of the dungeon, and saw 2 of its levels.

You collected 19 gold pieces.

Inventory:

Hand Weapons
 d - a +0 club (weapon)
Armour
 a - a +0 robe (melded)
 e - a +0 pair of boots (melded)
 h - a +0 leather armour of fire resistance
Scrolls
 c - 2 scrolls of identify {unknown}
 g - a scroll of revelation {unknown}
 j - a scroll of immolation {unknown}
 k - a scroll of silence {unknown}
Potions
 b - a potion of magic
 f - 2 potions of brilliance {unknown}
 i - a potion of lignification


   Skills:
 + Level 1.5 Fighting
 - Level 1.5 Dodging
 - Level 2.1 Stealth
 + Level 2.4 Spellcasting
 + Level 1.4 Conjurations
 - Level 0.7 Transmutations
 * Level 4.5 Earth Magic


You had 5 spell levels left.
You knew the following spells:

 Your Spells              Type           Power      Damage    Failure   Level
a - Sandblast             Erth           34%        2d9       3%          1

Your spell library contained the following spells:

 Spells                   Type           Power      Damage    Failure   Level
 Passwall                 Tmut/Erth      8%         N/A       10%         2
 Stone Arrow              Conj/Erth      24%        3d8       16%         3
 Brom's Barrelling Bould  Conj/Erth      12%        2d4       47%         4
 Petrify                  Tmut/Erth      10%        N/A       54%         4


Dungeon Overview and Level Annotations

Branches:
Dungeon (2/15)

Altars:


Innate Abilities, Weirdness & Mutations

You are a tree.
Your roots penetrate the ground, keeping you stationary.
You cannot be teleported.
You are immune to unholy pain and torment.
Your maximum health is greatly increased.
Your equipment is partially melded.
You are immune to sickness and miasma.
((Your stone body is resilient. (AC +3)))
You are immune to poison.
You resist negative energy. (rN+)
((You are resistant to electric shocks. (rElec)))
You are resistant to unholy torment.
You are immune to petrification.


Message History

The blast of sand hits the phantom.
The phantom is severely damaged.
The phantom hits you.
* * * LOW HITPOINT WARNING * * *
The phantom barely misses you.
You take 4 damage, and have 3/20 hp.
You now have 0/6 mp.
The phantom attacks as it pursues you!
The phantom hits you but does no damage.
The phantom attacks as it pursues you!
The phantom hits you but does no damage.
The phantom attacks as it pursues you!
The phantom hits you but does no damage.
It was a potion of lignification.
You turn into a tree.
Your +0 pair of boots melds into your body.
Your +0 robe melds into your body.
Your roots penetrate the ground.
You now have 7/30 hp.
You hit the phantom but do no damage.
The phantom is severely damaged.
The phantom hits you.
* * * LOW HITPOINT WARNING * * *
The phantom hits you but does no damage.
You take 4 damage, and have 3/30 hp.
You barely miss the phantom.
The phantom is severely damaged.
The phantom hits you.
* * * LOW HITPOINT WARNING * * *
You take 1 damage, and have 2/30 hp.
You hit the phantom.
The phantom is severely damaged.
The phantom hits you but does no damage.
You closely miss the phantom.
The phantom is severely damaged.
The phantom hits you but does no damage. x2
You hit the phantom.
The phantom is severely damaged.
The phantom hits you but does no damage.
You closely miss the phantom.
The phantom is severely damaged.
The phantom hits you.
You die...

#....############..##.# #....#
########..###.#
#....####†>.).......#.#
##....#...†##..........#
#.....#.#####........###
#.......# #........#
#########......## #...÷....###
#.............#######........##.
#+###'##.......♣W............##.
##.###÷###.....######............
#.÷.>..[##.....# ##........##.
#÷..#÷÷÷##.....# #...>....##.
#÷.÷#.÷÷##.....# ###########.
#...#÷÷.######## #. #.÷...÷÷# ##
#.÷.<÷÷.# #.......#


You could see a phantom.

Vanquished Creatures
  3 dart slugs (D:1)
  6 bats (D:1)
  4 endoplasms (D:1)
  5 giant cockroaches
  4 goblins (D:1)
  2 hobgoblins (D:1)
  4 jackals (D:1)
  4 kobolds
  2 quokkas (D:1)
  6 ball pythons
  A frilled lizard (D:1)
  4 rats
45 creatures vanquished.

Notes
Turn   | Place    | Note
-------+----------+-------------------------------------------
     0 | D:1      | Dirtsage the Gargoyle Earth Elementalist began the quest
                  | for the Orb.
     0 | D:1      | Reached XP level 1. HP: 10/10 MP: 3/3
    69 | D:1      | Reached XP level 2. HP: 4/16 MP: 3/5
   138 | D:1      | Reached skill level 4 in Earth Magic
   198 | D:1      | Reached skill level 1 in Fighting
   202 | D:1      | Reached skill level 1 in Conjurations
   269 | D:1      | Reached XP level 3. HP: 18/20 MP: 4/6
   681 | D:1      | Found a faded altar of an unknown god.
   986 | D:2      | Noticed a phantom
  1095 | D:1      | Slain by a phantom

Illustrated notes

Levels and vault maps discovered:
D:1:      heliophobic_arrival_battle_scene, layout_rooms,
          shapermc_ecumenical_altar_ellora, minmay_tiny_reverse_x
D:2:      wander_river, layout_rooms, basic_altar, serial_undead,
          serial_undead_c, serial_undead_c, serial_undead_a, serial_undead_a

Skill      XL: |  1  2 |
---------------+-------+-----
Earth Magic    | 4 |  4.5
Fighting       | 1 |  1.5
Conjurations   | 1 |  1.4
Dodging        | |  1.5
Stealth        | |  2.1
Spellcasting   | |  2.4
Transmutations | |  0.7

Action                     || total
---------------------------++-------
  Melee: Club              ||    57
         Punch             ||     1
   Cast: Sandblast         ||    54
    Use: Potion            ||     1
 Armour: Robe              ||    76
         Skin              ||     8
  Dodge: Dodged            ||    58

Table legend: (Time is in decaauts)
 A = Elapsed time spent in this place.
 B = Non-inter-level travel time spent in this place.
 C = Inter-level travel time spent in this place.
 D = Time resting spent in this place.
 E = Time spent auto-exploring this place.
 F = Levels seen in this place.
 G = Mean time per level.
                   A        B        C        D        E       F      G
               +--------+--------+--------+--------+--------+-----+--------+
         Total |   1139 |   1089 |     50 |     43 |    704 |   2 |  569.5 |
       Dungeon |   1139 |   1089 |     50 |     43 |    704 |   2 |  569.5 |
               +--------+--------+--------+--------+--------+-----+--------+

Top non-repeatable levels by time:
     D:1: 1080 daAuts
     D:2: 59 daAuts
